 Dungeon Crawl Stone Soup version 0.31-a0-801-gc67433417a (webtiles) character file.

Game seed: 1477775569692655814

6 GordonOverkill the Sneak (level 1, -2/13 HPs)
             Began as a Deep Elf Delver on Sept 20, 2023.
             Slain by a gnoll
             ... wielding a +0 flail
             ... led by a gnoll bouda
              (4 damage)
             ... on level 5 of the Dungeon.
             The game lasted 00:00:27 (86 turns).

GordonOverkill the Sneak (Deep Elf Delver)            Turns: 86, Time: 00:00:27

Health: -2/13      AC:  3    Str:  9    XL:     1   Next: 75%
Magic:  3/3        EV: 12    Int: 14    God:
Gold:   12         SH:  0    Dex: 16    Spells: 0/0 levels left

rFire   . . .        a - +0 short sword
rCold   . . .        (no shield)
rNeg    . . .        b - +0 leather armour
rPois   .            (no helmet)
rElec   .            (no cloak)
rCorr   .            (no gloves)
SInv    .            (no boots)
Will    .....        (no amulet)
Stlth   +++          (no ring)
HPRegen 0.22/turn    (no ring)
MPRegen 0.08/turn

%: no passive effects
@: no status effects
A: no striking features
a: no special abilities


You were on level 5 of the Dungeon.
You visited 1 branch of the dungeon, and saw 3 of its levels.

You collected 12 gold pieces.

Inventory:

Hand Weapons
 a - a +0 short sword (weapon)
Missiles
 i - 2 stones (quivered)
Armour
 b - a +0 leather armour (worn)
Wands
 g - a wand of digging (3)
Scrolls
 c - a scroll of fog
 d - a scroll of revelation
 e - a scroll of fear
 h - a scroll of identify {unknown}
Potions
 f - a potion of haste


   Skills:
 + Level 2.8 Fighting
 - Level 2.0 Short Blades
 - Level 2.4 Dodging
 - Level 6.0 Stealth


You couldn't memorise any spells.
You didn't know any spells.
Your spell library was empty.

Dungeon Overview and Level Annotations

Branches:
Dungeon (6/15)
 Temple: D:4-7

Altars:


Message History

a +0 war axe; a +0 leather armour; an orc corpse
Things that are here:
a +0 whip; a +0 ring mail; an orc corpse
Things that are here:
a +0 flail; an orc corpse
There is a stone staircase leading up here.
Found 2 stones and a scroll labelled YCYXEE FITWUPN.
You now have 12 gold pieces.
h - a scroll labelled YCYXEE FITWUPN You see here 2 stones.
i - 2 stones
There is a stone staircase leading up here.
There is a stone staircase leading up here.
You climb upwards.
There is a stone staircase leading down here.
Found a stone staircase leading up.
There is a stone staircase leading up here.
You climb upwards.
Found 12 gold pieces.
There is a stone staircase leading down here.
A gnoll bouda and 2 gnolls come into view.
The gnoll bouda shouts!
The gnoll shouts!
You hear a shout!
The gnoll shouts!
A gnoll comes into view. It is wielding a +0 spear.
You hit the gnoll.
The gnoll is lightly wounded.
The gnoll attacks as it pursues you! The gnoll barely misses you.
There is a stone staircase leading down here.
The gnoll closely misses you.
The endoplasm jiggles.
You climb downwards.
There is a stone staircase leading up here.
You hit the gnoll.
The gnoll is moderately wounded.
The gnoll hits you with a +0 flail!
Ouch! That really hurt!
* * * LOW HITPOINT WARNING * * *
You hit the gnoll.
The gnoll is heavily wounded.
The gnoll hits you with a +0 flail.
You die...

#.# .# #.# .#
#.###.# #.##..# ##
########.##.####..#
#..................
##>.........##.....
##................
#.......#@##..#.
#.......#g#
###...##### #..##
#..# #..# #.


You could see a gnoll.

Vanquished Creatures
  3 orcs (D:6)
3 creatures vanquished.

Notes
Turn   | Place    | Note
-------+----------+-------------------------------------------
     0 | D:5      | GordonOverkill the Deep Elf Delver began the quest for the
                  | Orb.
     0 | D:5      | Reached XP level 1. HP: 13/13 MP: 3/3
    79 | D:4      | Noticed a gnoll bouda
    86 | D:5      | Slain by a gnoll

Illustrated notes

Levels and vault maps discovered:
D:4:      layout_loops_cross, minmay_temple_entry_statues,
          gammafunk_ghost_gnarly_gnolls, serial_glass, glass_columns_b,
          glass_columns_a, item_on_display_a, item_on_display_a,
          due_unseen_surprise, nicolae_nh_oracle_at_delphi,
          uniq_crazy_yiuf_cottage
D:5:      layout_rooms, minmay_misc_feat_more_columns, minmay_crystal_water,
          minmay_small_thing
D:6:      layout_basic, serial_shops, nicolae_shop_hallway_plus,
          grunt_ministairs_9, uniq_grinder, uniq_duvessa, uniq_pikel,
          uniq_menkaure

Action                     || total
---------------------------++-------
  Melee: Short sword       ||     6
   Stab: Sleeping          ||     3
 Armour: Leather armour    ||     2
  Dodge: Dodged            ||     2

Table legend: (Time is in decaauts)
 A = Elapsed time spent in this place.
 B = Non-inter-level travel time spent in this place.
 C = Inter-level travel time spent in this place.
 D = Time resting spent in this place.
 E = Time spent auto-exploring this place.
 F = Levels seen in this place.
 G = Mean time per level.
                   A        B        C        D        E       F      G
               +--------+--------+--------+--------+--------+-----+--------+
         Total |     86 |     77 |      9 |      0 |      0 |   3 |   28.7 |
       Dungeon |     86 |     77 |      9 |      0 |      0 |   3 |   28.7 |
               +--------+--------+--------+--------+--------+-----+--------+

Top non-repeatable levels by time:
     D:6: 64 daAuts
     D:5: 14 daAuts
     D:4: 6 daAuts
